AoeStats
← 李天尊

Arena

510327031Analyzed
4v4 RM · 3d ago on Sep 30, 2026· 36m 9s· 8 players
Game mode
Random Map
Map size
Large (8 player)
Population
200
Speed
Normal
Resources
Standard
Victory
Conquest
Starting age
Dark Age
Ending age
Imperial Age
RankedLock teamsTeams togetherTeam positionsShared explorationLock speedFull tech treeHidden civsTurbo modeCheats
Victory
Defeat
🇹🇷 Romans · Türkiye
1366
+15
1353
+15
🇫🇷 Turks · France
1340
+16
🇬🇧 Teutons · United Kingdom
1290
+18
🇦🇪 Mongols · United Arab Emirates
1388
-18
🇹🇼 Danes · Taiwan
1381
-18
🇲🇽 Cumans · Mexico
1338
-16
🇮🇹 Slavs · Italy
1245
-12
klostrofobikköstebek
10:53 Feudal Age
14:21 Castle Age
12:10 Double-Bit Axe
12:18 Horse Collar
15:20 Heavy Plow
22:12 Wheelbarrow
23:37 Hand Cart
24:08 Bow Saw
23:44 Loom
27:48 Imperial Age
26:10 Gold Mining
26:31 Ballistas
27:25 Gold Shaft Mining
27:37 Ballistics
27:40 Pikeman
28:21 Squires
28:34 Forging
28:02 Heavy Scorpion
29:12 Scale Mail Armor
30:04 Crop Rotation
30:24 Chain Mail Armor
31:11 Iron Casting
30:27 Capped Ram
31:43 Halberdier
33:50 Chemistry
32:56 Siege Engineers
35:00 Blast Furnace
36:01 Siege Ram
36:53 Scale Barding Armor
36:49 Padded Archer Armor
༄CLR』Iulo Ascanio2210
9:39 Feudal Age
10:33 Loom
13:49 Castle Age
11:58 Double-Bit Axe
12:45 Horse Collar
18:10 Bow Saw
22:59 Fortified Wall
24:30 Redemption
25:01 Masonry
25:21 Heavy Plow
26:34 Gold Mining
26:40 Stone Mining
27:32 Wheelbarrow
30:59 Imperial Age
28:40 Fletching
29:20 Sanctity
29:32 Hand Cart
30:13 Stone Shaft Mining
29:56 Town Watch
31:09 Ballistics
30:46 Bodkin Arrow
30:51 Padded Archer Armor
33:01 Two-Man Saw
33:05 Chemistry
32:05 Crossbowman
32:54 Bracer
33:09 Leather Archer Armor
32:51 Arbalester
33:54 Conscription
36:08 Ring Archer Armor
35:23 Treadmill Crane
36:07 Thumb Ring
Arnold Swartzeneger
11:27 Feudal Age
15:30 Castle Age
13:27 Horse Collar
14:08 Double-Bit Axe
15:03 Loom
18:18 Wheelbarrow
17:45 Scale Mail Armor
18:33 Forging
18:34 Squires
18:21 Arson
19:40 Chain Mail Armor
30:59 Iron Casting
PILOT
10:50 Feudal Age
9:07 Loom
9:20 Loom
11:05 Feudal Age
14:36 Castle Age
12:24 Double-Bit Axe
12:38 Horse Collar
16:10 Bow Saw
22:09 Wheelbarrow
24:02 Loom
25:27 Fortified Wall
27:31 Heavy Plow
31:30 Imperial Age
29:23 Gold Mining
29:40 Fletching
30:18 Ballistics
30:24 Bodkin Arrow
31:27 Padded Archer Armor
31:50 Thumb Ring
32:29 Bracer
33:54 Leather Archer Armor
34:08 Parthian Tactics
34:56 Sipahi
34:57 Conscription
35:10 Bloodlines
35:00 Husbandry
35:37 Ring Archer Armor
35:04 Heavy Cavalry Archer
Rudan
11:11 Feudal Age
15:30 Castle Age
13:44 Double-Bit Axe
13:42 Horse Collar
15:26 Scale Barding Armor
16:12 Bloodlines
20:58 Bow Saw
23:54 Wheelbarrow
23:24 Heavy Plow
31:13 Imperial Age
29:05 Stone Mining
29:08 Gold Mining
29:09 Loom
31:24 Husbandry
31:21 Man-at-Arms
32:01 Squires
32:04 Scale Mail Armor
32:15 Forging
32:45 Masonry
32:43 Siege Engineers
32:04 Long Swordsman
33:02 Chain Mail Armor
33:23 Conscription
34:18 Iron Casting
33:22 Two-Handed Swordsman
34:08 Champion
35:23 Plate Mail Armor
36:00 Blast Furnace
Yoalliperro
7:51 Loom
10:11 Feudal Age
11:45 Fletching
25:31 Castle Age
24:43 Wheelbarrow
26:46 Hand Cart
26:01 Capped Ram
28:17 Horse Collar
29:41 Heavy Plow
29:36 Double-Bit Axe
30:55 Gold Mining
32:16 Gold Shaft Mining
31:52 Bow Saw
32:13 Bloodlines
32:23 Scale Barding Armor
32:20 Light Cavalry
Abadengo
9:41 Feudal Age
15:01 Castle Age
13:11 Double-Bit Axe
13:09 Horse Collar
16:00 Bow Saw
16:59 Wheelbarrow
24:35 Hand Cart
24:34 Heavy Plow
26:36 Gold Mining
26:38 Stone Mining
30:00 Imperial Age
27:33 Fletching
28:09 Loom
28:10 Town Watch
29:11 Ballistics
29:01 Bodkin Arrow
29:51 Scale Barding Armor
30:09 Elite Mangudai
30:57 Bracer
31:53 Gold Shaft Mining
31:53 Stone Shaft Mining
32:01 Coinage
32:39 Chain Barding Armor
33:22 Chemistry
32:48 Conscription
33:54 Capped Ram
35:16 Drill
35:10 Husbandry
35:20 Bloodlines
35:47 Banking
34:47 Light Cavalry
34:52 Siege Ram
李天尊
10:29 Feudal Age
14:37 Castle Age
12:50 Loom
13:12 Double-Bit Axe
13:39 Horse Collar
16:52 Bow Saw
21:20 Wheelbarrow
21:29 Forging
22:45 Squires
22:31 Arson
23:16 Scale Mail Armor
23:04 Arson
25:11 Fletching
31:22 Hand Cart
32:15 Iron Casting
32:04 Heavy Plow
32:22 Gambesons
34:06 Chain Mail Armor
38:29 Imperial Age
Connection lost

Rejoining the realm…

Still unreachable

The connection could not be restored.

Session expired

The server has moved on; the page needs a fresh start.